 Dungeon Crawl Stone Soup version 0.31-a0-1005-gfbdfbacc72 (webtiles) character file.

Game seed: 11902708184547191594

61946 Armakuni the Prestidigitator (level 15, 0/115 (120) HPs)
             Began as a Vine Stalker Artificer on Nov 11, 2023.
             Was a Believer of Elyvilon.
             Slain by a minotaur
             ... wielding the +5 demon whip "Spellbinder" {antimagic, disrupt, Will+}
              (11 damage)
             ... in a Gauntlet.
             The game lasted 01:24:07 (20308 turns).

Armakuni the Prestidigitator (VSAr)                Turns: 20308, Time: 01:24:08

HP:   0/115 (120)   AC: 27    Str: 17    XL:     15   Next: 4%
MP:   0/23          EV:  2    Int: 17    God:    Elyvilon [**....]
Gold: 525           SH:  0    Dex: 14    Spells: 15/24 levels left

rFire   + . .        a - staff of conjuration
rCold   + . .        L - +0 buckler
rNeg    . . .        t - melded +1 leather armour {Will+}
rPois   +            i - melded +2 helmet {Int+3}
rElec   +            K - melded +2 cloak
rCorr   +            l - melded +0 pair of gloves of Inviolability {+Inv rPois}
SInv    +            (boots currently unavailable)
Will    +....        A - amulet of the acrobat
Stlth   +            I - ring of see invisible
HPRegen 1.19/turn    E - ring of the Hare {EV+10}
MPRegen 0.18/turn

%: no teleportation, acrobat, guardian spirit
@: confused, brilliant, tree-form, resistant, ambrosia-drunk, on berserk
cooldown, very slightly contaminated, hasted, studying Evocations, lightly
drained, invisible, very quick
A: stationary, stasis, torment immunity, boosted hp, (fangs 3), regeneration 1,
magic shield, (antimagic bite), no potion heal 2
a: Renounce Religion, Purification, Heal Other


You were in a Gauntlet.
You worshipped Elyvilon.
Elyvilon was pleased with you.
You were a tree.
You visited 4 branches of the dungeon, and saw 21 of its levels.
You also visited: Sewer and Gauntlet.

You collected 1645 gold pieces.
You spent 1120 gold pieces at shops.

Inventory:

Hand Weapons
 b - a +3 short sword of venom
 d - a +2 antimagic eveningstar
Armour
 i - a +2 helmet of intelligence (melded)
 l - the +0 pair of gloves of Inviolability (melded) {+Inv rPois}
   (You acquired it on level 8 of the Dungeon)

   rPois:     It protects you from poison +Inv: It lets you turn invisible.
 t - a +1 leather armour of willpower (melded)
 K - a +2 cloak (melded)
 L - a +0 buckler (worn)
Magical Staves
 a - a staff of conjuration (weapon)
Jewellery
 A - an amulet of the acrobat (around neck)
 E - the ring of the Hare (right branch) {EV+10}
   (You found it in a Gauntlet)

   [ring of evasion]

   EV+10:     It affects your evasion (+10).
 F - a ring of fire
 I - a ring of see invisible (left branch)
 P - a ring of protection from fire
Wands
 c - a wand of charming (6)
 p - a wand of polymorph (11)
 v - a wand of flame (4)
Scrolls
 j - 4 scrolls of vulnerability
 n - 7 scrolls of enchant weapon
 o - 11 scrolls of teleportation
 w - 3 scrolls of amnesia
 y - a scroll of enchant armour
 z - a scroll of noise
 G - 2 scrolls of fog
 J - 4 scrolls of blinking
 O - a scroll of immolation
Potions
 e - 6 potions of curing
 f - a potion of lignification
 g - 7 potions of enlightenment
 h - 4 potions of mutation
 q - 7 potions of ambrosia
 s - 2 potions of invisibility
 u - a potion of brilliance
 C - 4 potions of haste
 H - 5 potions of heal wounds
 N - 2 potions of magic


   Skills:
 - Level 10.0 Fighting
 - Level 2.0 Short Blades
 - Level 1.0(7.2) Maces & Flails
 - Level 11.3 Staves
 - Level 5.0 Armour
 - Level 5.0 Dodging
 - Level 1.2 Stealth
 - Level 4.0 Shields
 - Level 5.0 Spellcasting
 - Level 10.0 Conjurations
 - Level 10.0 Invocations
 + Level 12.1 Evocations


You had 15 spell levels left.
You knew the following spells:

 Your Spells              Type           Power      Damage    Failure   Level
f - Fireball              Conj/Fire      23%        3d11      54%         5
m - Iskenderun's Mystic   Conj/Tloc      47%        2d10      22%         4

Your spell library contained the following spells:

 Spells                   Type           Power      Damage    Failure   Level
 Dazzling Flash           Conj/Hex       94%        N/A       7%          3
 Iskenderun's Battlesphe  Conj           72%        2d12      9%          5
 Slow                     Hex            24%        N/A       19%         1
 Brom's Barrelling Bould  Conj/Erth      47%        2d6       22%         4
 Fulminant Prism          Conj/Hex       23%        3d12      22%         4
 Ensorcelled Hibernation  Hex/Ice        12%        N/A       26%         2
 Jinxbite                 Hex            12%        N/A       26%         2
 Sublimation of Blood     Necr           6%         N/A       26%         2
 Wereblood                Tmut           6%         N/A       26%         2
 Confusing Touch          Hex            6%         N/A       47%         3
 Sigil of Binding         Hex            6%         N/A       47%         3
 Vampiric Draining        Necr           6%         2d6       47%         3
 Volatile Blastmotes      Fire/Tloc      12%        2d11      47%         3
 Arcjolt                  Conj/Air       23%        1d33      54%         5
 Irradiate                Conj/Tmut      23%        3d19      54%         5
 Freezing Cloud           Conj/Ice/Air   17%        6-21      78%         5
 Anguish                  Hex/Necr       3%         N/A       87%         4
 Petrify                  Tmut/Erth      6%         N/A       87%         4
 Summon Ice Beast         Ice/Summ       6%         N/A       87%         4
 Vhi's Electric Charge    Tloc/Air       12%        N/A       87%         4
 Orb of Destruction       Conj           36%        9d11      94%         7
 Bombard                  Conj/Erth      23%        9d4       98%         6
 Conjure Ball Lightning   Conj/Air       23%        3x3d6     98%         6
 Agony                    Necr           6%         N/A       99%         5
 Silence                  Hex/Air        3%         N/A       99%         5
 Summon Mana Viper        Hex/Summ       6%         N/A       99%         5
 Malign Gateway           Summ/Tloc      3%         N/A       100%        7
 Monstrous Menagerie      Summ           3%         N/A       100%        7
 Spellforged Servitor     Conj/Summ      23%        N/A       100%        7
 Summon Hydra             Summ           3%         N/A       100%        7
 Maxwell's Capacitive Co  Air            3%         ∞         100%        8
 Summon Horrible Things   Summ           3%         N/A       100%        8
 Chain Lightning          Conj/Air       23%        3d31      100%        9
 Fire Storm               Conj/Fire      23%        8d6       100%        9
 Shatter                  Erth           3%         3d7*      100%        9


Dungeon Overview and Level Annotations

Branches:
Dungeon (13/15)            Temple (1/1) D:4            Lair (5/5) D:9
  Swamp (0/4) Lair:2       Spider (0/4) Lair:3        Slime (0/5) Lair:4
    Orc (2/2) D:9             Elf (0/3) Orc:2         Sewer (visited)
Gauntlet (1/1)
 Vaults: D:13-14

Altars:
Ashenzari
Cheibriados
Dithmenos
Elyvilon
Fedhas
Gozag
Hepliaklqana
Kikubaaqudgha
Makhleb
Nemelex Xobeh
Okawaru
Qazlal
Ru
Sif Muna
Trog
Uskayaw
Vehumet
Wu Jian
Xom
Yredelemnul
Zin
The Shining One
Jiyva

Shops:
D:11 :   D:12 :

Portals:
Trove: D:10 (give +7 demon trident)

Annotations:
D:7 1 runed translucent door, Nico3ck's ghost, journeyman FoFi
D:13 Jorgrun Gauntlet 8 transporters, 1 runed translucent door, exclusion: orange crystal statue


Innate Abilities, Weirdness & Mutations

You are a tree.
Your roots penetrate the ground, keeping you stationary.
You cannot be teleported.
You are immune to unholy pain and torment.
Your maximum health is greatly increased.
Your equipment is partially melded.
((You have razor-sharp teeth.))
Your natural rate of healing is unusually fast.
When hurt, damage is shared between your health and your magic reserves.
((Your bite disrupts and absorbs the magic of your enemies.))
Potions cannot restore your health.


Message History

You feel your power leaking away. Sparks fly from your branches.
* * * LOW HITPOINT WARNING * * *
The minotaur gores you but does no damage.
Press: ? - help, v - describe, . - travel
Here: a minotaur, wielding the +5 demon whip "Spellbinder" {antimagic, disrupt, Will+}, wearing a +0 plate armour, wearing a +2 buckler of poison resistance, wearing a +5 ring of evasion and quivering silver javelins (poison gas, unable to see you)
An open door, spattered with blood.
Okay, then.
Okay, then.
Unknown command.
Okay, then.
Unknown command.
Okay, then.
Unknown command.
You hit the minotaur but do no damage.
You catch the helpless minotaur completely off-guard!
You hit the minotaur but do no damage.
The minotaur hits you with the +5 demon whip "Spellbinder" {antimagic, disrupt, Will+}!
* * * LOW HITPOINT WARNING * * *
You feel your power leaking away.
You spin around.
You are magically locked in place.
The minotaur gores you but does no damage.
You barely miss the minotaur.
It was a potion of resistance.
You feel protected.
You are no longer firmly anchored in space.
You are no longer robbed of momentum.
You block the minotaur's attack. The minotaur gores you.
* * * LOW HITPOINT WARNING * * *
Okay, then.
Magic courses through your body.
Okay, then.
Unknown command.
You are confused.
Your system rejects the healing.
You feel invigorated.
The minotaur hits you with the +5 demon whip "Spellbinder" {antimagic, disrupt, Will+}!
* * * LOW HITPOINT WARNING * * *
You feel your power leaking away. Flickering shadows surround you!
You feel drained.
You die...

# # #≈≈.P.####
#...##≈...#... ########.♣.
##...#).#
#§.§§☼.....##..♣.#.##
##§##§###.♣.#...P.#©.#
#8.§§☼☼.....#.♣...#!..
#...§☼#.#.©.#.....#[..
#########§#§#...#.....#8..
#8=8/8.8#♣§§#.©.#.....####
#∩§§§§§.H§###...#..∩......
#8☼8☼8☼8#§§.#.©.#.....####
#########§#§#...#.....#...
#...§§#§#.©.#.....#...
#8..§☼§.☼...#.♣...###'
##.##§###§♣.#..PP.#©.'
#..☼§§..☼§.##..♣.###'
########.♣.###.P.#.=#


You could see a minotaur (unable to see you).

Vanquished Creatures
  Nessos (D:13)
  Josephine (Orc:1)
  Erolcha (D:12)
  5 two-headed ogres
  A boulder beetle (D:11)
  8 death yaks
  Urug (D:13)
  An orc high priest (Orc:1)
  A skyshark (Lair:4)
  3 skeletal warriors
  A necromancer (Gauntlet)
  An orc sorcerer (Orc:1)
  3 ugly things
  A cyclops (D:12)
  A manticore (D:12)
  4 elephants (Lair:3)
  3 black mambas
  18 cane toads
  A gargoyle (D:10)
  4 torpor snails
  3 unseen horrors
  11 komodo dragons
  A polar bear (Lair:1)
  A troll (shapeshifter) (D:13)
  3 trolls
  3 blink frogs (Lair:4)
  14 dream sheep
  Sigmund (D:3)
  7 flying skulls (Gauntlet)
  4 slime creatures (D:12)
  6 wyverns
  A shadow (D:10)
  8 wraiths
  52 yaks
  2 basilisks
  A warg (Orc:1)
  A hell hound (Lair:5)
  9 water moccasins
  7 orc warriors
  A black bear (D:9)
  An ice beast (D:5)
  An ogre (Orc:1)
  25 wolves
  5 centaurs
  2 phantoms
  2 gnoll sergeants
  7 kobold brigands
  15 bullfrogs
  7 scorpions
  A wight (D:8)
  28 killer bees
  4 howler monkeys (D:10)
  2 lava snakes (Lair:5)
  A gnoll bouda (D:8)
  11 orc priests
  4 iguanas
  8 hounds
  2 sleepcaps
  Terence (D:3)
  Natasha (thrice) (D:2)
  16 orc wizards
  2 human simulacra (D:12)
  Robin (D:2)
  28 gnolls
  7 adders
  2 ufetubi (D:7)
  A worm (D:6)
  3 dart slugs
  77 orcs
  4 ball pythons
  6 bats
  9 endoplasms
  9 giant cockroaches
  21 goblins
  14 hobgoblins
  3 jackals (D:1)
  2 quokkas
  9 frilled lizards
  38 kobolds
  10 rats
588 creatures vanquished.

Vanquished Creatures (collateral kills)
  A wraith (D:8)
  A yak (Lair:4)
  A water moccasin (D:7)
  A black bear (D:8)
  An ice beast (D:8)
  A howler monkey (D:8)
  A gnoll bouda (D:8)
  An orc wizard (D:7)
  A shadow imp (D:8)
  An orc (D:8)
  A ball python (D:3)
11 creatures vanquished.

Vanquished Creatures (others)
  A kobold demonologist (D:11)
  3 komodo dragons
  A queen bee (D:9)
  2 slime creatures (D:12)
  4 yaks (D:9)
  An orc warrior (D:7)
  4 killer bees
  An orc priest (Orc:1)
  4 orcs (Orc:1)
  2 goblins (D:2)
  A kobold (D:11)
24 creatures vanquished.

Grand Total: 623 creatures vanquished

Notes
Turn   | Place    | Note
-------+----------+-------------------------------------------
     0 | D:1      | Armakuni the Vine Stalker Artificer began the quest for the
                  | Orb.
     0 | D:1      | Reached XP level 1. HP: 9/9 MP: 2/2
    14 | D:1      | Reached skill level 1 in Fighting
   108 | D:1      | Reached skill level 1 in Maces & Flails
   143 | D:1      | Reached XP level 2. HP: 14/14 MP: 3/3
   165 | D:1      | Reached skill level 3 in Evocations
   319 | D:1      | Reached XP level 3. HP: 16/18 MP: 2/4
   891 | D:2      | Noticed Natasha
   896 | D:2      | Killed Natasha
   897 | D:2      | Reached skill level 4 in Evocations
   897 | D:2      | Reached XP level 4. HP: 22/22 MP: 3/5
   977 | D:2      | Noticed Robin
  1026 | D:2      | Killed Robin
  1235 | D:2      | Noticed Natasha
  1260 | D:2      | Killed Natasha
  1261 | D:2      | Reached XP level 5. HP: 24/25 MP: 4/6
  1347 | D:2      | Noticed Natasha
  1356 | D:2      | Killed Natasha
  1357 | D:2      | Reached skill level 5 in Evocations
  1970 | D:3      | Noticed Sigmund
  1985 | D:3      | Killed Sigmund
  1986 | D:3      | Reached XP level 6. HP: 32/32 MP: 7/7
  2127 | D:3      | Noticed Terence
  2139 | D:3      | Killed Terence
  2150 | D:3      | Found a hazy altar of Hepliaklqana.
  2353 | D:3      | Found a white marble altar of Elyvilon.
  2361 | D:3      | Became a worshipper of Elyvilon the Healer
  2568 | D:3      | Reached XP level 7. HP: 37/37 MP: 8/8
  2791 | D:3      | Found a blossoming altar of Fedhas.
  2912 | D:3      | Reached skill level 5 in Fighting
  2919 | D:4      | Identified the +5 mace "Myjoc" {heavy, rElec rF+ rC- rCorr}
  3060 | D:4      | Found a staircase to the Ecumenical Temple.
  3090 | Temple   | Entered the Ecumenical Temple
  3223 | D:4      | Reached * piety under Elyvilon
  3366 | D:4      | Gained mutation: You have razor-sharp teeth. [Vine Stalker
                  | growth]
  3366 | D:4      | Reached XP level 8. HP: 17/44 MP: 4/9
  3677 | D:5      | Entered Level 5 of the Dungeon
  4074 | D:5      | Reached ** piety under Elyvilon
  4216 | D:5      | Learned a level 5 spell: Fireball
  4442 | D:6      | Found a glowing drain.
  4447 | Sewer    | Entered a sewer
  4709 | Sewer    | Reached XP level 9. HP: 47/52 MP: 8/10
  5012 | D:6      | Found a basalt altar of Yredelemnul.
  5044 | D:6      | Found a shadowy altar of Dithmenos.
  5215 | D:6      | Reached *** piety under Elyvilon
  5386 | D:6      | Reached skill level 10 in Fighting
  5558 | D:6      | Reached skill level 1 in Staves
  5626 | D:7      | Reached skill level 1 in Invocations
  5831 | D:7      | Found a runed translucent door.
  5832 | D:7      | Noticed Nico3ck's ghost (journeyman FoFi)
  5882 | D:7      | Found a burning altar of Makhleb.
  5887 | D:7      | Found a hide-covered altar of Uskayaw.
  6187 | D:7      | Found a bloodstained altar of Trog.
  6364 | D:8      | Identified the "Fuhoyrefi"
  6841 | D:8      | Noticed a hornet
  6842 | D:8      | Pacified a hornet
  6878 | D:8      | Reached XP level 10. HP: 31/59 MP: 6/14
  7172 | D:8      | Found a stormy altar of Qazlal.
  7182 | D:8      | Reached **** piety under Elyvilon
  7243 | D:8      | Found an opulent altar of Gozag.
  7307 | D:8      | Noticed a two-headed ogre
  7323 | D:8      | Reached skill level 5 in Invocations
  7341 | D:8      | Identified a scroll of acquirement
  7342 | D:8      | Acquired the +0 pair of gloves of Inviolability {+Inv
                  | rPois}
  7517 | D:8      | Killed a two-headed ogre
  7919 | D:9      | Found an ornate altar of the Wu Jian Council.
  8045 | D:9      | Found a staircase to the Lair.
  8308 | D:9      | Reached XP level 11. HP: 55/63 MP: 12/19
  8385 | D:9      | Found a staircase to the Orcish Mines.
  8423 | D:9      | Reached skill level 10 in Invocations
  8711 | D:9      | Reached skill level 1 in Conjurations
  9222 | D:10     | Entered Level 10 of the Dungeon
  9223 | D:10     | Found a portal to a secret trove of treasure.
  9274 | D:10     | Found an ancient bone altar of Kikubaaqudgha.
  9299 | D:10     | Reached skill level 6 in Evocations
  9814 | D:10     | Noticed a brown ugly thing
  9841 | D:10     | Killed a brown ugly thing
 10256 | D:11     | Noticed a boulder beetle
 10265 | D:11     | Killed a boulder beetle
 10266 | D:11     | Reached skill level 5 in Conjurations
 10266 | D:11     | Reached skill level 7 in Evocations
 10302 | D:11     | Noticed a two-headed ogre
 10319 | D:11     | Killed a two-headed ogre
 10342 | D:11     | Learned a level 4 spell: Iskenderun's Mystic Blast
 10400 | D:11     | Found Amolaot's Vocational Training.
 10488 | D:11     | Noticed a boulder beetle
 10491 | D:11     | Pacified a boulder beetle
 10601 | D:11     | Reached skill level 8 in Evocations
 10601 | D:11     | Reached XP level 12. HP: 65/67 MP: 11/20
 10683 | D:11     | Noticed Nergalle
 10687 | D:11     | Pacified Nergalle
 11039 | D:12     | Noticed a boulder beetle
 11040 | D:12     | Pacified a boulder beetle
 11160 | D:12     | Noticed Erolcha
 11166 | D:12     | Killed Erolcha
 11641 | Gauntlet | Identified the of Amaot
 11641 | Gauntlet | Identified the "Fotilere"
 11641 | Lair:1   | Entered Level 1 of the Lair of Beasts
 11851 | Lair:1   | Reached skill level 10 in Conjurations
 11851 | Lair:1   | Reached skill level 1 in Dodging
 12839 | Lair:2   | You fall into a shaft and drop 2 floors!
 12918 | Lair:4   | Noticed a skyshark
 12945 | Lair:4   | Reached XP level 13. HP: 63/72 MP: 21/21
 13313 | Lair:4   | Found a staircase to the Slime Pits.
 13313 | Lair:4   | Found a viscous altar of Jiyva.
 13585 | Lair:3   | Reached skill level 5 in Armour
 13585 | Lair:3   | Reached skill level 5 in Dodging
 13607 | Lair:3   | Reached skill level 1 in Spellcasting
 13797 | Lair:3   | Found a hole to the Spider Nest.
 14287 | Lair:1   | Reached skill level 5 in Spellcasting
 14287 | Lair:1   | Reached skill level 5 in Staves
 14422 | Lair:2   | Found a staircase to the Swamp.
 15569 | Lair:2   | Reached skill level 1 in Shields
 15722 | Lair:2   | Reached XP level 14. HP: 43/77 MP: 14/22
 16583 | Lair:5   | Entered Level 5 of the Lair of Beasts
 17137 | Lair:5   | Reached skill level 10 in Staves
 17914 | Orc:1    | Entered Level 1 of the Orcish Mines
 18616 | Orc:1    | Noticed Josephine
 18634 | Orc:1    | Killed Josephine
 18762 | D:11     | Bought a manual of Evocations for 1120 gold pieces
 18803 | Orc:2    | Entered Level 2 of the Orcish Mines
 18803 | Orc:2    | Found a staircase to the Elven Halls.
 19032 | D:12     | Reached skill level 9 in Evocations
 19096 | D:12     | Found Soramp's Book Emporium.
 19650 | D:13     | Noticed Urug
 19673 | D:13     | Killed Urug
 19674 | D:13     | Reached skill level 10 in Evocations
 19752 | D:13     | Found a blossoming altar of Fedhas.
 19752 | D:13     | Noticed Jorgrun
 19824 | D:13     | Noticed Nessos
 19836 | D:13     | Killed Nessos
 19837 | D:13     | Reached skill level 11 in Evocations
 19858 | D:13     | Found a gate leading to a gauntlet.
 19863 | Gauntlet | Entered a Gauntlet
 19863 | Gauntlet | Found a transporter.
 19870 | Gauntlet | Found a transporter.
 19872 | Gauntlet | Found a transporter.
 19883 | Gauntlet | Found a transporter.
 19886 | Gauntlet | Found a transporter.
 19895 | Gauntlet | Found a runed translucent door.
 19898 | Gauntlet | Found a transporter.
 19911 | Gauntlet | Found the ring of the Hare {EV+10}
 19912 | Gauntlet | Found a runed translucent gate.
 19913 | Gauntlet | Found a transporter.
 19913 | Gauntlet | Found a runed translucent gate.
 19914 | Gauntlet | Found a runed translucent gate.
 19926 | Gauntlet | Found a transporter.
 19938 | Gauntlet | Found a transporter.
 19952 | Gauntlet | Found a transporter.
 19952 | Gauntlet | Found a transporter.
 19966 | Gauntlet | Found a transporter.
 19978 | Gauntlet | Found a transporter.
 20034 | Gauntlet | Found a transporter.
 20156 | Gauntlet | Reached XP level 15. HP: 65/80 MP: 23/23
 20223 | Gauntlet | Reached skill level 12 in Evocations
 20266 | Gauntlet | Found the +4 Cigotuvi's embrace {Corpsefed rMiasma Drain
                  | rN+}
 20308 | Gauntlet | Slain by a minotaur

Illustrated notes

Levels and vault maps discovered:
D:1:      heliophobic_arrival_enchanted_forest, layout_basic,
          hangedman_feature_mirror, chequers_avenue
D:2:      layout_loops_ring, serial_co_window_serial, co_window_paths_a,
          co_window_corner_a, co_window_paths_b, co_window_paths_a,
          co_window_corner_a, co_window_broadway_c, co_window_of_opportunity_c,
          co_window_of_opportunity_c, co_window_paths_e, co_window_paths_d,
          glass_columns_a, uniq_robin, uniq_natasha
D:3:      layout_basic, mainiacjoe_overflow_paths,
          lemuel_coloured_pillars_altar, elyvilon_altar_1, serial_corexii_hall,
          chequers_hall_statues_corner_a, corexii_hall_statues_i, uniq_sigmund,
          uniq_terence
D:4:      corexii_shantytown, layout_rooms, minmay_temple_entry_gardened_gates,
          minmay_between
D:5:      layout_gridville, hangedman_abyss_or_decor_stabs,
          kennysheep_generic_room_14
D:6:      layout_loops_ring, general_overflow_altar, yredelemnul_altar_generic,
          mainiacjoe_sewer_entry_somewhere_in_here_1
D:7:      layout_basic, bloody_makhleb, mainiacjoe_overflow_alcove_1,
          kennysheep_mini, serial_rivers, chequers_serial_rivers_small_3,
          chequers_serial_rivers_large_a, chequers_serial_rivers_small_a,
          chequers_serial_rivers_marsh, chequers_serial_rivers_micro_d,
          ebering_ghost_reflecting_pool
D:8:      cheibrodos_barr_body, layout_basic, mainiacjoe_overflow_chevrons,
          grunt_qazlal_sundering, chequers_serial_rivers_room_a
D:9:      layout_basic, mainiacjoe_overflow_brackets,
          grunt_lair_entry_orc_guard_hut, hiddenorc2_lemuel, special_room
          [special_room_bee], enter_bailey_6, dreamdust_mushroom_princess,
          hangedman_decor_riveting
D:10:     layout_long_grid, mainiacjoe_overflow_cross_hatched, enter_trove_0
D:11:     layout_loops_ring, serial_glass, glass_columns_a, glass_columns_c,
          due_unseen_surprise, nicolae_shop_vocational, uniq_nergalle
D:12:     layout_irregular_city, serial_shops, nicolae_take_the_stairs,
          grunt_decor_junction, bh_circular_ruins, uniq_erolcha
D:13:     layout_cave_pods, gauntlet_entry_generic, fedhas_ov_isle_minmay,
          uniq_nessos, uniq_urug, uniq_jorgrun, uniq_snorg
Temple:   hellmonk_temple_rainy
Lair:1:   layout_regular_city
Lair:2:   layout_hall_layers, mainiacjoe_swamp_entry_lozenge_pond
Lair:3:   layout_hall_layers, hellmonk_spider_entry_not_the_bees
Lair:4:   statuecave_lemuel, layout_regular_city, slime_entry_1,
          serial_bayou_lake_a, grunt_megastairs_3, infiniplex_staircase_pool_2
Lair:5:   cheibrodos_lair_end_hotspot, layout_cellular_growth,
          serial_bayou_crossing
Orc:1:    layout_caves, uniq_josephine
Orc:2:    st_orc_elflike, layout_caves, special_room
Gauntlet: minmay_gauntlet_77_tree [minmay_gauntlet_arena_77_museum,
          minmay_gauntlet_arena_77_two_lines,
          minmay_gauntlet_arena_77_broken_ladder,
          minmay_gauntlet_arena_77_chump_sandwich,
          minmay_gauntlet_arena_77_double_cross,
          minmay_gauntlet_arena_77_run_for_it, minmay_gauntlet_arena_77_path,
          nicolae_gauntlet_exit_dead_adventurers]

Skill      XL: |  1  2  3  4  5  6  7  8  9 10 11 12 13 14 15 |
---------------+----------------------------------------------+-----
Fighting       | 1 3 6 8 10 | 10.0
Maces & Flails | 1 |  1.0
Evocations     | 3 4 5 8 11 12 | 12.1
Short Blades   | 2 |  2.0
Staves         | 4 8 11 | 11.3
Invocations    | 4 9 10 | 10.0
Conjurations   | 6 10 | 10.0
Dodging        | 3 5 |  5.0
Armour         | 3 5 |  5.0
Spellcasting   | 5 |  5.0
Shields        | 2 4 |  4.0
Stealth        | |  1.2

Action                     |  1- 3 |  4- 6 |  7- 9 | 10-12 | 13-15 || total
---------------------------+-------+-------+-------+-------+-------++-------
  Melee: Club              |    39 |       |       |       |       ||    39
         Bite              |    23 |    34 |   132 |   268 |   447 ||   904
         Punch             |     2 |     1 |     5 |    16 |     6 ||    30
         Whip              |    51 |    77 |       |       |       ||   128
         Short sword       |       |    38 |   448 |   448 |       ||   934
         Mace              |       |       |    13 |    29 |       ||    42
         Staff             |       |       |       |   234 |  1081 ||  1315
  Throw: Dart              |       |       |       |    28 |    20 ||    48
         Throwing net      |       |       |       |     3 |       ||     3
 Invoke: Heal Other        |       |       |     1 |    22 |    19 ||    42
         Purification      |       |       |     1 |     7 |    38 ||    46
         Heal Self         |       |       |       |     6 |     3 ||     9
Ability: Evoke Invisibilit |       |       |       |     2 |    25 ||    27
  Evoke: Wand              |     2 |    23 |    19 |    19 |    16 ||    79
    Use: Scroll            |     2 |     5 |     8 |     6 |     9 ||    30
         Potion            |       |       |       |       |    17 ||    17
   Stab: Sleeping          |     5 |     1 |     8 |     1 |     3 ||    18
         Invisible         |       |       |       |     1 |   102 ||   103
         Held in net/web   |       |       |       |     1 |       ||     1
 Armour: Leather armour    |    42 |    82 |   302 |   589 |   555 ||  1570
         Skin              |       |       |       |       |    36 ||    36
  Dodge: Dodged            |    41 |    61 |   253 |   547 |   713 ||  1615
  Block: Buckler           |       |       |       |       |   170 ||   170

Table legend: (Time is in decaauts)
 A = Elapsed time spent in this place.
 B = Non-inter-level travel time spent in this place.
 C = Inter-level travel time spent in this place.
 D = Time resting spent in this place.
 E = Time spent auto-exploring this place.
 F = Levels seen in this place.
 G = Mean time per level.
                   A        B        C        D        E       F      G
               +--------+--------+--------+--------+--------+-----+--------+
         Total |  20244 |  19101 |   1143 |   2160 |  10027 |  23 |  880.2 |
       Dungeon |  12677 |  11834 |    843 |    924 |   6911 |  13 |  975.2 |
        Temple |      1 |      1 |      0 |      0 |      0 |   1 |    1.0 |
          Lair |   6013 |   5747 |    266 |    989 |   2517 |   5 | 1202.6 |
  Orcish Mines |    752 |    719 |     33 |    128 |    312 |   2 |  376.0 |
         Sewer |    384 |    384 |      0 |    100 |    123 |   1 |  384.0 |
      Gauntlet |    415 |    415 |      0 |     18 |    164 |   1 |  415.0 |
               +--------+--------+--------+--------+--------+-----+--------+

Top non-repeatable levels by time:
     D:9: 1689 daAuts
  Lair:3: 1499 daAuts
     D:7: 1361 daAuts
  Lair:1: 1242 daAuts
    D:12: 1114 daAuts
  Lair:2: 1102 daAuts
  Lair:5: 1090 daAuts
     D:2: 1086 daAuts
    D:10: 1082 daAuts
  Lair:4: 1078 daAuts
     D:8: 1010 daAuts
     D:3: 991 daAuts
    D:11: 957 daAuts
     D:1: 841 daAuts
     D:6: 826 daAuts
